AoeStats
← [JaMx] K@l-El

Lombardia

509247246Analyzed
4v4 RM · 7d ago on Sep 26, 2026· 16m 49s· 8 players
Game mode
Random Map
Map size
Large (8 player)
Population
200
Speed
Normal
Resources
Standard
Victory
Conquest
Starting age
Dark Age
Ending age
Imperial Age
RankedLock teamsTeams togetherTeam positionsShared explorationLock speedFull tech treeHidden civsTurbo modeCheats
Victory
Defeat
🇲🇽 Persians · Mexico
1385
+15
🇲🇽 Mongols · Mexico
1325
+18
🇲🇽 Khmer · Mexico
1316
+17
🇲🇽 Byzantines · Mexico
1314
+17
🇦🇷 Cumans · Argentina
1365
-17
🇦🇷 Hindustanis · Argentina
1353
-17
🇦🇷 Ethiopians · Argentina
1352
-17
🇨🇳 Persians · China
1324
-16
[JaMx] McLovin
10:52 Feudal Age
9:07 Loom
11:31 Double-Bit Axe
15:13 Castle Age
:) YO30830
9:45 Feudal Age
10:21 Loom
15:32 Castle Age
14:38 Double-Bit Axe
Ananda
9:26 Loom
11:12 Feudal Age
15:58 Forging
[JaMx] K@l-El
6:20 Loom
8:35 Feudal Age
9:02 Double-Bit Axe
15:57 Forging
iiiiice
10:33 Feudal Age
14:54 Castle Age
12:43 Double-Bit Axe
13:42 Horse Collar
15:31 Bow Saw
16:36 Heavy Plow
APs | MercadoDelAge
6:49 Loom
9:04 Feudal Age
9:51 Double-Bit Axe
9:47 Horse Collar
15:14 Scale Barding Armor
16:26 Forging
APs | fleita
6:48 Loom
9:07 Feudal Age
9:40 Double-Bit Axe
APs | PrimoMcFly
7:34 Loom
9:47 Feudal Age
10:38 Double-Bit Axe
16:21 Fletching
Connection lost

Rejoining the realm…

Still unreachable

The connection could not be restored.

Session expired

The server has moved on; the page needs a fresh start.